 Dungeon Crawl Stone Soup version 0.18.1-50-g88ac8fd (webtiles) character file.

95 mjk the Ducker (level 4, -1/44 HPs)
             Began as a Troll Fighter on Sept 16, 2016.
             Slain by a gnoll
             ... wielding a +0 spear
              (10 damage)
             ... on level 3 of the Dungeon.
             The game lasted 00:11:33 (1856 turns).

mjk the Ducker (Troll Fighter)                      Turns: 1856, Time: 00:11:33

Health: -1/44      AC:  5    Str: 24    XL:     4   Next: 39%
Magic:  3/3        EV:  8    Int:  4    God:
Gold:   140        SH: 12    Dex: 10    Spells: 0 memorised, 3 levels left

rFire  . . .     SeeInvis .     a - +0 flail
rCold  . . .     Gourm    +     b - +0 robe
rNeg   . . .     Faith    .     c - +0 shield
rPois  .         Spirit   .     (helmet restricted)
rElec  .         Dismiss  .     (no cloak)
rCorr  .         Reflect  +     (gloves unavailable)
SustAt .         Harm     .     (boots unavailable)
MR     .....                    p - +3 amulet of reflection
Stlth  +.........               (no ring)
                                (no ring)

@: not resistant to hostile enchantments, very unstealthy
A: unfitting armour, claws 3, fast metabolism 3, gourmand, regeneration 2,
shaggy fur 1, tough skin 2
a: no special abilities


You were on level 3 of the Dungeon.
You were hungry.

You visited 1 branch of the dungeon, and saw 3 of its levels.

You collected 140 gold pieces.

Inventory:

Hand Weapons
 a - a +0 flail (weapon)
Armour
 b - a +0 robe (worn)
 c - a +0 shield (worn)
Jewellery
 l - an uncursed ring of wizardry {unknown}
 p - a +3 amulet of reflection (around neck)
Scrolls
 g - 3 scrolls of identify {unknown}
 h - a scroll of blinking {unknown}
 i - a scroll of magic mapping {unknown}
 j - 2 scrolls of fear {unknown}
 m - a scroll of noise {unknown}
 o - a scroll of teleportation {unknown}
Potions
 d - a potion of might
 e - a potion of magic {unknown}
 k - 2 potions of curing {unknown}
 n - a potion of degeneration {unknown}
 s - a potion of heal wounds {unknown}
Comestibles
 f - 4 bread rations
 q - a beef jerky
 r - 3 fruits


   Skills:
 + Level 2.7 Fighting
 + Level 2.4 Maces & Flails
 + Level 3.4 Dodging
 + Level 2.9 Shields


You had 3 spell levels left.
You didn't know any spells.

Dungeon Overview and Level Annotations

Branches:
Dungeon (3/15)

Altars:
Nemelex Xobeh


Innate Abilities, Weirdness & Mutations

You are too large for most types of armour.
You have claws for hands.
Your metabolism is lightning-fast.
You like to eat raw meat.
You heal very quickly.
You are covered in fur (AC +1).
You have very tough skin (AC +2).


Message History

You block the gnoll's attack.
The gnoll hits you from afar with a halberd.
You hit the gnoll.
You kill the gnoll!
You block the gnoll's attack. You block the worm's attack.
The gnoll hits you from afar with a halberd!
The gnoll closely misses you.
You barely miss the worm. You block the gnoll's attack. x2
The worm bites you.
You barely miss the worm. You block the gnoll's attack.
The gnoll closely misses you. You block the worm's attack.
The gnoll hits you from afar with a spear!
* * * LOW HITPOINT WARNING * * *
You hit the worm.
The worm is moderately wounded.
The gnoll hits you from afar with a halberd.
* * * LOW HITPOINT WARNING * * *
The gnoll hits you from afar with a spear!
You die...

#.###########
#.#.##<.....# ###
###.#.....)...# #..
..#.#.######### #.#
#.#.#.# #.# #.#.#.#
#####.# #.#.#.#
...#.###.#.#.###
######.#gw@....#...#
........g###.#...#.#
###......# #.#.....#
#......# #.#.#####
#....$.# #.#.#
#....w.# #.#.#
#.......##.#..
....#.....##.###
##.#......#


You could see a worm and 2 gnolls.

Vanquished Creatures
  2 adders (D:2)
  A gnoll (D:3)
  A worm (D:2)
  3 dart slugs
  An orc (D:3)
  A ball python (D:1)
  8 bats
  3 giant cockroaches
  7 goblins
  5 hobgoblins
  4 jackals (D:1)
  5 giant newts
  9 kobolds
  5 rats
55 creatures vanquished.

Notes
Turn   | Place    | Note
--------------------------------------------------------------
     0 | D:1      | mjk the Troll Fighter began the quest for the Orb.
     0 | D:1      | Reached XP level 1. HP: 22/22 MP: 0/0
   227 | D:1      | Reached XP level 2. HP: 29/29 MP: 1/1
   697 | D:1      | Reached XP level 3. HP: 28/36 MP: 2/2
  1020 | D:2      | HP: 1/36 [kobold/whip (5)]
  1042 | D:2      | Reached skill level 3 in Dodging
  1476 | D:2      | Reached XP level 4. HP: 44/44 MP: 3/3
  1837 | D:3      | Found a sparkling altar of Nemelex Xobeh.
  1856 | D:3      | Slain by a gnoll

Skill      XL: |  1  2  3 |
---------------+----------+-----
Maces & Flails | 2 |  2.4
Dodging        | 3 |  3.4
Fighting       | |  2.7
Shields        | |  2.9

Action                   |  1- 3 |  4- 6 || total
-------------------------+-------+-------++-------
Melee: Flail             |   163 |    27 ||   190
  Eat: Chunk             |     7 |     2 ||     9
       Meat ration       |     1 |       ||     1
Armor: Robe              |    77 |     9 ||    86
Dodge: Dodged            |    73 |     4 ||    77
Block: Shield            |    91 |    22 ||   113
